 Dungeon Crawl Stone Soup version 0.30.1-11-g7821555f0a (webtiles) character file.

Game seed: 9508252742732656393

9295 user2938 the Basher (level 11, -17/102 HPs)
             Began as a Hill Orc Fighter on Nov 3, 2023.
             Was an Initiate of Gozag.
             Demolished by an orc knight
             ... wielding a +0 great mace
              (24 damage)
             ... on level 10 of the Dungeon.
             The game lasted 00:19:55 (13220 turns).

user2938 the Basher (Hill Orc Fighter)             Turns: 13220, Time: 00:19:56

Health: -17/102    AC: 16    Str: 30    XL:     11   Next: 44%
Magic:  11/11      EV:  7    Int:  8    God:    Gozag
Gold:   1170       SH:  9    Dex: 10    Spells: 10/10 levels left

rFire   . . .        a - +0 war axe
rCold   . . .        c - +0 buckler
rNeg    . . .        N - +0 plate armour
rPois   +            s - +0 helmet
rElec   .            L - +0 cloak
rCorr   .            w - +0 pair of gloves
SInv    .            z - +0 pair of boots {rampage}
Will    .....        P - amulet of reflection Stlth
                     r - +6 ring of strength
HPRegen 0.37/turn    n - ring of poison resistance
MPRegen 0.12/turn

%: reflection, rampage
@: mighty, gold aura, studying Staves
A: no striking features
a: Renounce Religion, Potion Petition, Call Merchant, Bribe Branch


You were on level 10 of the Dungeon.
You worshipped Gozag.
Gozag was most pleased with you.
You visited 3 branches of the dungeon, and saw 13 of its levels.

You collected 1244 gold pieces.
You paid 74 gold pieces to Gozag.

Inventory:

Hand Weapons
 a - a +0 war axe (weapon)
Missiles
 m - 7 poisoned darts (quivered)
Armour
 c - a +0 buckler (worn)
 s - a +0 helmet (worn)
 v - a +2 ring mail of cold resistance
 w - a +0 pair of gloves (worn)
 z - a +0 pair of boots of rampaging (worn)
 L - a +0 cloak (worn)
 N - a +0 plate armour (worn)
Jewellery
 e - a ring of resist corrosion
 h - a ring of flight
 n - a ring of poison resistance (right hand)
 r - a +6 ring of strength (left hand)
 u - a ring of see invisible
 F - a +6 ring of strength
 M - a +4 ring of protection
 P - an amulet of reflection (around neck)
Wands
 y - a wand of iceblast (1)
 C - a wand of flame (43)
 E - a wand of mindburst (21)
 J - a wand of acid (5)
Scrolls
 d - a scroll of teleportation {unknown}
 f - 2 scrolls of summoning {unknown}
 g - 8 scrolls of immolation
 j - a scroll of vulnerability {unknown}
 l - a scroll of magic mapping {unknown}
 o - a scroll of blinking {unknown}
 p - a scroll of torment {unknown}
 x - 2 scrolls of noise {unknown}
 A - 3 scrolls of fear
 G - a scroll of enchant armour {unknown}
 K - 2 scrolls of enchant weapon
 Q - a scroll of poison {unknown}
Potions
 i - 2 potions of mutation {unknown}
 k - 2 potions of ambrosia {unknown}
 q - 4 potions of cancellation
 t - 3 potions of lignification
 B - a potion of magic {unknown}
 D - a potion of attraction {unknown}
 H - 2 potions of curing {unknown}
 I - a potion of brilliance {unknown}
 O - a potion of resistance {unknown}


   Skills:
 - Level 11.0 Fighting
 - Level 11.0(15.0) Axes
 + Level 14.0(15.1) Maces & Flails
 - Level 3.2 Armour
 - Level 3.2 Shields


You had 10 spell levels left.
You didn't know any spells.
Your spell library contained the following spells:

 Spells                   Type           Power      Damage    Failure   Level
 Apportation              Tloc           0%         N/A       99%         1
 Kiss of Death            Conj/Necr      0%         2d5       99%         1
 Magic Dart               Conj           0%         1d3       99%         1
 Necrotise                Necr           0%         1d4       99%         1
 Summon Small Mammal      Summ           0%         N/A       99%         1
 Searing Ray              Conj           0%         2d4       100%        2
 Confusing Touch          Hex            0%         N/A       100%        3
 Dazzling Flash           Conj/Hex       0%         N/A       100%        3
 Hailstorm                Conj/Ice       0%         3d3       100%        3
 Ignite Poison            Fire/Tmut/Pois 0%         N/A       100%        3
 Summon Guardian Golem    Hex/Summ       0%         N/A       100%        3
 Dispel Undead            Necr           0%         3d6       100%        4
 Fulminant Prism          Conj/Hex       0%         3d5       100%        4
 Ice Form                 Ice/Tmut       0%         N/A       100%        4
 Sticky Flame             Conj/Fire      0%         2d3       100%        4
 Agony                    Necr           0%         N/A       100%        5
 Silence                  Hex/Air        0%         N/A       100%        5
 Orb of Destruction       Conj           0%         9d5       100%        7
 Spellforged Servitor     Conj/Summ      0%         N/A       100%        7
 Ignition                 Fire           0%         3d3       100%        8
 Simulacrum               Ice/Necr       Unusable   N/A       N/A         6

Dungeon Overview and Level Annotations

Branches:
Dungeon (11/15)            Temple (1/1) D:6            Lair (0/5) D:10
    Orc (1/2) D:10

Altars:
Ashenzari
Cheibriados
Dithmenos
Elyvilon
Fedhas
Gozag
Kikubaaqudgha
Makhleb
Nemelex Xobeh
Okawaru
Qazlal
Sif Muna
Trog
Uskayaw
Vehumet
Xom
Zin
The Shining One

Shops:
D:7 =

Annotations:
D:5 3 runed translucent doors, sneaky's ghost, novice OpCj


Message History

You slash something! You barely miss the orc warrior.
The orc warrior hits you with a +0 short sword!
The orc knight hits you with a +0 great mace!
Something hits you.
You slash the orc knight!
The orc knight is moderately wounded.
You barely miss something. You slash the orc warrior!
Unknown command.
You slash the orc knight!
The orc knight is heavily wounded.
You barely miss the orc warrior. You slash something!
Reactivating autopickup.
You feel a bit more experienced.
The orc warrior hits you but does no damage.
You block the orc knight's attack.
You barely miss the orc knight.
The orc knight is heavily wounded.
You hit the orc warrior. You block the orc warrior's attack.
The orc knight hits you with a +0 great mace!!
You barely miss the orc knight.
The orc knight is heavily wounded.
You slash the orc warrior!
The orc warrior hits you but does no damage.
The orc knight hits you with a +0 great mace!
* * * LOW HITPOINT WARNING * * *
Unknown command.
You slash the orc knight!
The orc knight is severely wounded.
You hit the orc warrior.
You kill the orc warrior!
You hit the orc knight.
The orc knight is severely wounded.
The orc knight hits you with a +0 great mace!!
* * * LOW HITPOINT WARNING * * *
Unknown command.
You slice the orc knight!!
The orc knight is almost dead.
The orc knight hits you with a +0 great mace!!
You die...
Your body crumbles into a pile of gold.

..............##.................
........##....##....##...........
........##......))..##...........
...........[.(..[........##......
....##...................##......
....##...........................
#........[)....................##
#........)..)..o...........##..#
#..##......)....@..........##..#
#..##..........$.$.............#
#...........................[..#
#..............###........##...#
#....##...................##...#
#....##........................#
#.........##..........##.......#
#.........##....##....##.......#
#...............##.............#


You could see an orc knight.

Vanquished Creatures
  3 two-headed ogres (D:9)
  Nergalle (D:10)
  Pikel (D:6)
  An oklob plant (D:10)
  Psyche (D:9)
  A troll (D:10)
  A wraith (D:9)
  3 wyverns
  A human (D:10)
  A steam dragon (D:7)
  A yak (D:6)
  4 vampire mosquitoes (D:10)
  A warg (Orc:1)
  A water moccasin (D:7)
  6 orc warriors
  An ice beast (D:5)
  2 sky beasts
  An ogre (D:5)
  3 black bears
  4 centaurs
  A phantom (D:6)
  A kobold brigand (D:8)
  3 bullfrogs
  3 gnoll sergeants
  A scorpion (D:5)
  9 killer bees
  2 howler monkeys (D:10)
  4 hounds
  A jelly (D:5)
  3 gnoll boudas
  6 orc priests
  Crazy Yiuf (D:6)
  2 sleepcaps
  Ijyb (D:4)
  5 iguanas
  9 orc wizards
  Robin (D:2)
  30 gnolls
  11 adders
  3 white imps
  2 worms
  31 orcs
  6 ball pythons
  8 endoplasms
  3 giant cockroaches
  16 goblins
  7 hobgoblins
  4 jackals (D:1)
  3 quokkas
  7 bats
  6 frilled lizards
  11 kobolds
  7 rats
246 creatures vanquished.

Notes
Turn   | Place    | Note
-------+----------+-------------------------------------------
     0 | D:1      | user2938 the Hill Orc Fighter began the quest for the Orb.
     0 | D:1      | Reached XP level 1. HP: 19/19 MP: 1/1
   260 | D:1      | Reached XP level 2. HP: 14/26 MP: 2/2
   714 | D:1      | Reached XP level 3. HP: 27/31 MP: 3/3
   908 | D:2      | Reached skill level 5 in Axes
   934 | D:2      | Found a radiant altar of Vehumet.
  1188 | D:2      | Found a faded altar of an unknown god.
  1322 | D:2      | Noticed Robin
  1333 | D:2      | Killed Robin
  1342 | D:2      | Reached XP level 4. HP: 20/39 MP: 4/4
  2072 | D:3      | Reached XP level 5. HP: 44/45 MP: 5/5
  2450 | D:4      | Found a burning altar of Makhleb.
  2554 | D:4      | Noticed Ijyb
  2566 | D:4      | Killed Ijyb
  2841 | D:4      | Reached XP level 6. HP: 49/51 MP: 6/6
  3424 | D:5      | Entered Level 5 of the Dungeon
  3426 | D:5      | Noticed a wyvern
  3437 | D:5      | Killed a wyvern
  3438 | D:5      | Reached XP level 7. HP: 13/57 MP: 7/7
  3550 | D:5      | Reached skill level 10 in Axes
  3821 | D:5      | Reached skill level 1 in Maces & Flails
  4086 | D:5      | Reached skill level 2 in Maces & Flails
  4086 | D:5      | Reached XP level 8. HP: 61/67 MP: 8/8
  4187 | D:5      | Reached skill level 5 in Fighting
  4204 | D:5      | Reached skill level 3 in Maces & Flails
  4443 | D:5      | Noticed sneaky's ghost (novice OpCj)
  4444 | D:5      | Found a runed translucent gate.
  4448 | D:5      | Found a runed translucent gate.
  4449 | D:5      | Found a runed translucent gate.
  4615 | D:5      | Found a bloodstained altar of Trog.
  4751 | D:6      | Reached skill level 4 in Maces & Flails
  4995 | D:6      | Found a staircase to the Ecumenical Temple.
  5005 | Temple   | Entered the Ecumenical Temple
  5052 | Temple   | Became a worshipper of Gozag Ym Sagoz the Greedy
  5165 | D:6      | Reached skill level 5 in Maces & Flails
  5275 | D:6      | Noticed Pikel
  5285 | D:6      | Killed Pikel
  5286 | D:6      | Reached skill level 6 in Maces & Flails
  5286 | D:6      | Reached XP level 9. HP: 77/81 MP: 9/9
  5480 | D:6      | Found a runed translucent door.
  5481 | D:6      | Noticed Crazy Yiuf
  5608 | D:6      | Killed Crazy Yiuf
  5670 | D:7      | Identified the +1 long sword of Plunder {freeze, *Slow Fly
                  | rC+++ Dex-3}
  6252 | D:7      | Reached skill level 7 in Maces & Flails
  7415 | D:7      | Found Taschah's Jewellery Emporium.
  7618 | D:7      | Reached skill level 8 in Maces & Flails
  8281 | D:8      | Reached skill level 10 in Fighting
  8412 | D:8      | Found a glowing silver altar of Zin.
  8570 | D:8      | Reached XP level 10. HP: 90/93 MP: 10/10
  8816 | D:8      | Reached skill level 9 in Maces & Flails
  9212 | D:9      | Noticed a two-headed ogre
  9672 | D:9      | Killed a two-headed ogre
  9708 | D:9      | Reached skill level 10 in Maces & Flails
  9903 | D:9      | Noticed a two-headed ogre
  9916 | D:9      | Killed a two-headed ogre
 10187 | D:9      | Noticed Psyche
 10194 | D:9      | Killed Psyche
 10195 | D:9      | Reached skill level 11 in Maces & Flails
 10366 | D:9      | Noticed a two-headed ogre
 10379 | D:9      | Killed a two-headed ogre
 10633 | D:9      | Found an ancient bone altar of Kikubaaqudgha.
 10752 | D:10     | Entered Level 10 of the Dungeon
 10769 | D:10     | Reached skill level 12 in Maces & Flails
 10778 | D:10     | Reached XP level 11. HP: 70/102 MP: 11/11
 11403 | D:10     | Found a staircase to the Orcish Mines.
 11460 | D:10     | Reached skill level 13 in Maces & Flails
 11667 | D:10     | Found a staircase to the Lair.
 11668 | D:10     | Noticed an oklob plant
 11689 | D:10     | HP: 3/102 [oklob plant/splash of acid (14)]
 11696 | D:10     | Killed an oklob plant
 12246 | D:10     | Noticed Nergalle
 12278 | D:10     | Killed Nergalle
 12983 | Orc:1    | Entered Level 1 of the Orcish Mines
 13000 | Orc:1    | Reached skill level 14 in Maces & Flails
 13002 | Orc:1    | Noticed an orc knight
 13220 | D:10     | Demolished by an orc knight

Illustrated notes

Levels and vault maps discovered:
D:1:      scummos_arrival_checkerplants, layout_basic, minivault_23
D:2:      layout_loops_ring, basic_altar,
          hellmonk_ecumenical_altar_leap_of_faith, dreamdust_princess_corridor,
          minmay_pentomino_u2, uniq_robin
D:3:      layout_basic
D:4:      layout_rooms, lemuel_tele_altar, uniq_ijyb
D:5:      minmay_razor_zed, layout_cave_pools, lightli_temple_of_fire,
          gammafunk_ghost_split
D:6:      layout_loops_ring, minmay_temple_entry_tees, uniq_pikel,
          uniq_crazy_yiuf_cottage
D:7:      layout_cave_pools, serial_shops, nicolae_shop_gaudy_bauble,
          minmay_manual_monolith
D:8:      layout_gridville, zin_academy
D:9:      layout_rooms, marbit_many_paths, uniq_psyche
D:10:     layout_cave_pods, dpeg_oklobed_lair, erik_orc_4,
          serial_co_window_serial, co_window_corner_a, co_window_paths_a,
          co_window_paths_a, co_window_paths_b, co_window_paths_b,
          co_window_unsneaky_path_a, co_window_2corner, co_window_broadway_c,
          co_window_unsneaky_path_e, glass_columns_c, glass_columns_a,
          glass_columns_a, glass_columns_a, glass_columns_a, uniq_nergalle
D:11:     layout_irregular_city, ebering_ghost_disaster_area, uniq_lodul,
          uniq_harold, uniq_josephine
Temple:   compressed_dpeg_circular_temple
Orc:1:    layout_diamond_mine, gammafunk_ghost_fury_of_okawaru,
          david_defended_altar_orc

Skill      XL: |  1  2  3  4  5  6  7  8  9 10 11 |
---------------+----------------------------------+-----
Axes           | 3 4 5 6 8 9 11 | 11.0
Maces & Flails | 2 6 8 12 14 | 14.0
Fighting       | 4 8 10 11 | 11.0
Armour         | |  3.2
Shields        | |  3.2

Action                     |  1- 3 |  4- 6 |  7- 9 | 10-12 || total
---------------------------+-------+-------+-------+-------++-------
  Melee: War axe           |   110 |   166 |   297 |   274 ||   847
  Throw: Dart              |       |       |     2 |    24 ||    26
    Use: Potion            |       |     1 |       |     2 ||     3
         Scroll            |       |       |     5 |     2 ||     7
 Armour: Scale mail        |    55 |    27 |       |       ||    82
         Ring mail         |       |    48 |    51 |       ||    99
         Plate armour      |       |       |   112 |   105 ||   217
  Dodge: Dodged            |    55 |    58 |   143 |    50 ||   306
  Block: Buckler           |    28 |    33 |    91 |   135 ||   287
         Reflection        |       |       |     1 |     7 ||     8
